 Dungeon Crawl Stone Soup version 0.21.1-1-g345015f (webtiles) character file.

1108 vatarom the Ducker (level 8, -7/67 HPs)
             Began as a Gnoll Monk on Apr 21, 2018.
             Mangled by a gnoll
             ... wielding a +0 spear
              (9 damage)
             ... on level 5 of the Dungeon.
             The game lasted 00:09:59 (3958 turns).

vatarom the Ducker (Gnoll Monk)                     Turns: 3958, Time: 00:10:00

Health: -7/67      AC:  3    Str: 16    XL:     8   Next: 33%
Magic:  11/11      EV: 17    Int: 13    God:
Gold:   238        SH:  0    Dex: 19    Spells: 13/13 levels left

rFire    . . .     SeeInvis .   n - +1 halberd (venom)
rCold    . . .     Gourm    .   (shield currently unavailable)
rNeg     . . .     Faith    .   o - +0 leather armour
rPois    .         Spirit   .   (no helmet)
rElec    .         Reflect  .   (no cloak)
rCorr    .         Harm     .   (no gloves)
MR       .....     Rnd*Rage +   (no boots)
Stlth    +++.......             (no amulet)
HPRegen  0.21/turn              (no ring)
MPRegen  0.12/turn              (no ring)

@: lethally poisoned (-7 -> -8)
A: distributed training, fangs 1, berserk 1, low mp 1, strong 1, wild magic 1,
strong nose
a: no special abilities


You were on level 5 of the Dungeon.
You were not hungry.

You visited 1 branch of the dungeon, and saw 5 of its levels.

You collected 238 gold pieces.

Inventory:

Hand Weapons
 j - a +0 long sword
 n - a +1 halberd of venom (weapon)
Missiles
 e - a throwing net (quivered)
Armour
 o - a +0 leather armour (worn)
Wands
 g - a wand of iceblast (4)
 p - a wand of paralysis (5)
Scrolls
 b - a scroll of teleportation {unknown}
 d - a scroll of immolation
 h - 3 scrolls of identify
 i - a scroll of magic mapping
 m - a scroll of fear
 q - a scroll of remove curse {unknown}
 r - a scroll of amnesia {unknown}
Potions
 f - a potion of flight
 k - a potion of heal wounds
 l - a potion of agility {unknown}
Comestibles
 a - 4 chunks of flesh
 c - 8 rations


   Skills:
 + Level 7.3 Fighting
 + Level 3.1 Short Blades
 + Level 7.3 Long Blades
 + Level 3.1 Axes
 + Level 3.1 Maces & Flails
 + Level 3.1 Polearms
 + Level 3.1 Staves
 + Level 3.1 Slings
 + Level 3.1 Bows
 + Level 3.1 Crossbows
 + Level 3.1 Throwing
 + Level 3.1 Armour
 + Level 7.3 Dodging
 + Level 5.2 Stealth
 + Level 3.1 Shields
 + Level 3.1 Unarmed Combat
 + Level 3.1 Spellcasting
 + Level 2.5 Conjurations
 + Level 2.5 Hexes
 + Level 2.5 Charms
 + Level 2.5 Summonings
 + Level 2.5 Necromancy
 + Level 2.5 Translocations
 + Level 2.5 Transmutations
 + Level 2.5 Fire Magic
 + Level 2.5 Ice Magic
 + Level 2.5 Air Magic
 + Level 2.5 Earth Magic
 + Level 2.5 Poison Magic
 + Level 3.4 Invocations
 + Level 3.1 Evocations


You had 13 spell levels left.
You didn't know any spells.

Dungeon Overview and Level Annotations

Branches:
Dungeon (5/15)
 Temple: D:4-7

Altars:
Cheibriados
Trog
Yredelemnul
Zin

Shops:
D:5 (


Innate Abilities, Weirdness & Mutations

Your experience applies equally to all skills.
You have very sharp teeth.
Your uncanny sense of smell can sniff out nearby items.
You tend to lose your temper in combat.
Your magical capacity is low. (-10% MP)
Your muscles are strong. (Str +2)
Your spells are a little harder to cast, but a little more powerful.


Message History

You closely miss the worker ant.
You feel sick. The gnoll hits you with a spear! The worker ant misses you.
You riposte.
You hit the worker ant but do no damage.
Wield which item (- for none, * to show all)? (? for menu, Esc to quit)
Your +1 halberd of venom begins to drip with poison!
n - a +1 halberd of venom (weapon)
The gnoll misses you. The worker ant bites you.
You barely miss the gnoll.
The gnoll is almost dead.
The gnoll hits you with a spear.
* * * LOW HITPOINT WARNING * * *
The worker ant bites you!
* * * LOW HITPOINT WARNING * * *
You hit the worker ant.
The worker ant is moderately wounded.
You feel sick. The worker ant misses you. The gnoll closely misses you.
The worker ant bites you.
* * * LOW HITPOINT WARNING * * *
The gnoll hits you with a spear!
You die...

#####
#........#...###.........
#.........##...#.........
#...........###...........
.............####........#
..............# ##......##
..............## #......#
..............# ##....##
.............# #.....#
.......@.....# ####.##
......ga.....# ##.#
..............# #..#
..............# ##..#
.$............# #.#.#
..............# ##)###
#...........### #.##
####......### ##.# #.##


You could see a worker ant and a gnoll.

Vanquished Creatures
  The ghost of Verendum the Cudgeler, an amateur GrAK of Lugonu (D:4)
  Sigmund (D:3)
  A phantom (D:4)
  An ogre (D:5)
  A big kobold (D:3)
  A scorpion (D:4)
  A howler monkey (D:4)
  A bullfrog skeleton (D:4)
  2 orc priests (D:3)
  2 orc wizards (D:3)
  Jessica (D:3)
  A worker ant (D:4)
  8 adders
  8 gnolls
  4 dart slugs
  3 leopard geckos
  15 orcs (D:3)
  A ball python (D:4)
  5 bats
  4 giant cockroaches
  7 goblins
  10 hobgoblins
  4 jackals (D:4)
  8 quokkas
  5 frilled lizards
  7 kobolds
  4 rats
107 creatures vanquished.

Vanquished Creatures (others)
  A plant (D:3)
1 creature vanquished.

Grand Total: 108 creatures vanquished

Notes
Turn   | Place    | Note
-------+----------+-------------------------------------------
     0 | D:1      | vatarom the Gnoll Monk began the quest for the Orb.
     0 | D:1      | Reached XP level 1. HP: 23/23 MP: 1/1
    91 | D:1      | Reached XP level 2. HP: 27/29 MP: 2/2
   987 | D:2      | Reached XP level 3. HP: 27/35 MP: 3/3
  1016 | D:2      | Found a bloodstained altar of Trog.
  1107 | D:2      | Reached skill level 1 in Invocations
  1246 | D:2      | Reached skill level 1 in Short Blades
  1246 | D:2      | Reached skill level 1 in Axes
  1246 | D:2      | Reached skill level 1 in Maces & Flails
  1246 | D:2      | Reached skill level 1 in Polearms
  1246 | D:2      | Reached skill level 1 in Staves
  1246 | D:2      | Reached skill level 1 in Slings
  1246 | D:2      | Reached skill level 1 in Bows
  1246 | D:2      | Reached skill level 1 in Crossbows
  1246 | D:2      | Reached skill level 1 in Throwing
  1246 | D:2      | Reached skill level 1 in Armour
  1246 | D:2      | Reached skill level 1 in Shields
  1246 | D:2      | Reached skill level 1 in Unarmed Combat
  1246 | D:2      | Reached skill level 1 in Spellcasting
  1246 | D:2      | Reached skill level 1 in Evocations
  1246 | D:2      | Reached XP level 4. HP: 38/41 MP: 5/5
  1651 | D:3      | Reached skill level 1 in Conjurations
  1651 | D:3      | Reached skill level 1 in Hexes
  1651 | D:3      | Reached skill level 1 in Charms
  1651 | D:3      | Reached skill level 1 in Summonings
  1651 | D:3      | Reached skill level 1 in Necromancy
  1651 | D:3      | Reached skill level 1 in Translocations
  1651 | D:3      | Reached skill level 1 in Transmutations
  1651 | D:3      | Reached skill level 1 in Fire Magic
  1651 | D:3      | Reached skill level 1 in Ice Magic
  1651 | D:3      | Reached skill level 1 in Air Magic
  1651 | D:3      | Reached skill level 1 in Earth Magic
  1651 | D:3      | Reached skill level 1 in Poison Magic
  1669 | D:3      | Noticed Jessica
  1673 | D:3      | Killed Jessica
  1673 | D:3      | Reached XP level 5. HP: 29/47 MP: 5/7
  1769 | D:3      | Found a glowing silver altar of Zin.
  2160 | D:3      | Noticed Sigmund
  2173 | D:3      | Reached XP level 6. HP: 46/53 MP: 6/8
  2181 | D:3      | Killed Sigmund
  2512 | D:3      | Reached XP level 7. HP: 52/59 MP: 10/10
  2597 | D:3      | Found a basalt altar of Yredelemnul.
  2894 | D:3      | Found a glowing silver altar of Zin.
  3045 | D:4      | Noticed Verendum's ghost (amateur GrAK)
  3048 | D:4      | Gained mutation: You tend to lose your temper in combat. [potion of mutation]
  3048 | D:4      | Gained mutation: Your muscles are strong. (Str +2) [potion of mutation]
  3048 | D:4      | Gained mutation: Your magical capacity is low. (-10% MP) [potion of mutation]
  3048 | D:4      | Gained mutation: Your spells are a little harder to cast, but a little more powerful. [potion of mutation]
  3054 | D:4      | Killed Verendum's ghost
  3054 | D:4      | Reached skill level 5 in Stealth
  3123 | D:4      | Reached XP level 8. HP: 48/67 MP: 11/11
  3322 | D:4      | Found a snail-covered altar of Cheibriados.
  3742 | D:5      | Entered Level 5 of the Dungeon
  3823 | D:5      | Found Edghifudd's Antique Weapon Shoppe.
  3958 | D:5      | HP: 2/67 [worker ant (6)]
  3958 | D:5      | Mangled by a gnoll

Skill      XL: |  1  2  3  4  5  6  7  8 |
---------------+-------------------------+-----
Invocations    | 1 2 3 |  3.4
Short Blades   | 1 2 3 |  3.1
Axes           | 1 2 3 |  3.1
Maces & Flails | 1 2 3 |  3.1
Polearms       | 1 2 3 |  3.1
Staves         | 1 2 3 |  3.1
Slings         | 1 2 3 |  3.1
Bows           | 1 2 3 |  3.1
Crossbows      | 1 2 3 |  3.1
Throwing       | 1 2 3 |  3.1
Armour         | 1 2 3 |  3.1
Shields        | 1 2 3 |  3.1
Unarmed Combat | 1 2 3 |  3.1
Spellcasting   | 1 2 3 |  3.1
Evocations     | 1 2 3 |  3.1
Conjurations   | 1 2 |  2.5
Hexes          | 1 2 |  2.5
Charms         | 1 2 |  2.5
Summonings     | 1 2 |  2.5
Necromancy     | 1 2 |  2.5
Translocations | 1 2 |  2.5
Transmutations | 1 2 |  2.5
Fire Magic     | 1 2 |  2.5
Ice Magic      | 1 2 |  2.5
Air Magic      | 1 2 |  2.5
Earth Magic    | 1 2 |  2.5
Poison Magic   | 1 2 |  2.5
Fighting       | 7 |  7.3
Long Blades    | 7 |  7.3
Dodging        | 7 |  7.3
Stealth        | 5 |  5.2

Action                   |  1- 3 |  4- 6 |  7- 9 || total
-------------------------+-------+-------+-------++-------
Melee: Falchion          |    76 |    15 |       ||    91
       Bite              |    10 |    19 |    10 ||    39
       Punch             |     1 |       |     2 ||     3
       Halberd           |       |   129 |    20 ||   149
       Long sword        |       |       |    67 ||    67
Throw: Throwing net      |       |       |     1 ||     1
  Use: Potion            |     1 |     1 |     3 ||     5
       Scroll            |       |     6 |       ||     6
 Stab: Sleeping          |     7 |     4 |     5 ||    16
       Distracted        |       |     1 |       ||     1
       Held in net/web   |       |       |     1 ||     1
  Eat: Chunk             |     1 |     4 |     2 ||     7
       Ration            |       |       |     1 ||     1
Armor: Robe              |     3 |       |       ||     3
       Leather armour    |       |    19 |     7 ||    26
Dodge: Dodged            |    64 |   118 |    60 ||   242
       Rpst.: Falchion   |    20 |     4 |       ||    24
       Long sword        |       |       |    21 ||    21
